 Dungeon Crawl Stone Soup version 0.28.0 (webtiles) character file.

Game seed: 16580197528022680035

32 Strat the Skirmisher (level 3, -2/31 HPs)
             Began as a Palentonga Hunter on Feb 17, 2022.
             Slain by Terence (6 damage)
             ... on level 2 of the Dungeon.
             The game lasted 00:01:58 (1180 turns).

Strat the Skirmisher (Palentonga Hunter)            Turns: 1180, Time: 00:01:58

Health: -2/31      AC:  5    Str: 17    XL:     3   Next: 8%
Magic:  3/3        EV:  9    Int: 17    God:
Gold:   79         SH:  0    Dex: 10    Spells: 2/2 levels left

rFire   . . .      SeeInvis +   b - +0 short sword
rCold   . . .      Faith    .   (no shield)
rNeg    . . .      Spirit   .   c - +0 leather armour
rPois   .          Reflect  .   (no helmet)
rElec   .          Harm     .   l - +0 cloak
rCorr   .          Rampage  .   (no gloves)
Will    .....                   (no barding)
Stlth   +.........              (no amulet)
HPRegen 0.10/turn               e - +6 ring of intelligence
MPRegen 0.08/turn               (no ring)

@: no status effects
A: large, rugged brown scales 3, see invisible, deformed body, roll 1, armoured
tail
a: Rolling Charge


You were on level 2 of the Dungeon.
You visited 1 branch of the dungeon, and saw 2 of its levels.

You collected 79 gold pieces.

Inventory:

Hand Weapons
 a - a +1 hunting sling
 b - a +0 short sword (weapon)
 j - a +0 hand axe
Missiles
 d - 13 sling bullets
 g - 40 stones (quivered)
 h - 4 poisoned darts
 n - 6 silver javelins
Armour
 c - a +0 leather armour (worn)
 l - a +0 cloak (worn)
Jewellery
 e - a +6 ring of intelligence (left hand)
Scrolls
 f - 3 scrolls of teleportation {unknown}
 i - a scroll of noise {unknown}
 m - a scroll of fear {unknown}
Potions
 k - a potion of curing {unknown}


   Skills:
 + Level 3.6 Fighting
 - Level 2.9 Slings
 - Level 1.5 Dodging
 - Level 0.5 Stealth


You had 2 spell levels left.
You didn't know any spells.
Your spell library was empty.

Dungeon Overview and Level Annotations

Branches:
Dungeon (2/15)

Altars:

Annotations:
D:2 Terence


Innate Abilities, Weirdness & Mutations

You are completely covered in rugged brown scales. (AC +3, +7% HP)
You have supernaturally acute eyesight. (SInv)
Armour fits poorly on your strangely shaped body.
You can roll at nearby foes to attack.
You have a long armoured tail.


Message History

You hit Terence.
Terence is heavily wounded.
Terence hits you but does no damage.
You hit Terence.
Terence is heavily wounded.
Terence hits you but does no damage.
You hit Terence. You tail-slap Terence.
Terence is almost dead.
Terence closely misses you.
You closely miss Terence.
Terence is almost dead.
Terence says, "Rest in peace."
Terence hits you with a +0 short sword.
* * * LOW HITPOINT WARNING * * *
You barely miss Terence.
Terence is almost dead.
Terence hits you with a +0 short sword.
* * * LOW HITPOINT WARNING * * *
You hit Terence.
You tail-slap Terence, but do no damage.
Terence is almost dead.
Terence hits you with a +0 short sword.
* * * LOW HITPOINT WARNING * * *
You hit Terence but do no damage.
Terence is almost dead.
Terence hits you with a +0 short sword.
* * * LOW HITPOINT WARNING * * *
You hit Terence but do no damage.
Terence is almost dead.
Terence closely misses you.
You closely miss Terence.
Terence is almost dead.
Terence hits you with a +0 short sword.
* * * LOW HITPOINT WARNING * * *
You barely miss Terence.
Terence is almost dead.
Terence hits you with a +0 short sword.
* * * LOW HITPOINT WARNING * * *
Terence hits you with a +0 short sword.
You die...

#. #.# #.# ####
###.#### #.. .#
####......# #.# .#
.......##.#####.#####.#
#..(....(@@......#.#
#......#####.###.#.#
#....#.# #.# #.#.#
#......# #.###.#.# ##
#.#.#### #.......# .#
#...# #####.### .#
###+# ####.##### .#
#........# .#
#.#...##.#


You could see Terence.

Vanquished Creatures
  3 endoplasms (D:1)
  3 goblins (D:1)
  A hobgoblin (D:2)
  9 jackals
  5 ball pythons
  4 bats
  2 frilled lizards
  A kobold (D:1)
  A rat (D:1)
29 creatures vanquished.

Notes
Turn   | Place    | Note
-------+----------+-------------------------------------------
     0 | D:1      | Strat the Palentonga Hunter began the quest for the Orb.
     0 | D:1      | Reached XP level 1. HP: 17/17 MP: 1/1
   251 | D:1      | Reached XP level 2. HP: 21/24 MP: 2/2
   552 | D:1      | Reached skill level 3 in Fighting
   969 | D:2      | Reached XP level 3. HP: 31/31 MP: 3/3
   990 | D:2      | Found a faded altar of an unknown god.
  1148 | D:2      | Noticed Terence
  1180 | D:2      | Slain by Terence

Illustrated notes

Levels and vault maps discovered:
D:1:      kilobyte_arrival_exit_the_forest, layout_loops_ring,
          corexii_item_surrounded_by_moat
D:2:      layout_loops_corners, hellmonk_ecumenical_altar_blasted, uniq_terence

Skill      XL: |  1  2 |
---------------+-------+-----
Fighting       | 3 |  3.6
Slings         | |  2.9
Dodging        | |  1.5
Stealth        | |  0.5

Action                   || total
-------------------------++-------
Melee: Short sword       ||    91
       Tailslap          ||    13
 Fire: Hunting sling     ||    23
Armor: Leather armour    ||    62
Dodge: Dodged            ||    53
